 Dungeon Crawl Stone Soup version 0.29.0-11-gd7f09526c8 (webtiles) character file.

Game seed: 7179239419420607673

429 Bartlander the Cudgeller (level 6, 0/53 HPs)
             Began as a Gnoll Cinder Acolyte on Sept 6, 2022.
             Was a High Priest of Ignis.
             Shot with an arrow by a centaur (8 damage)
             ... on level 4 of the Dungeon.
             The game lasted 00:11:34 (3662 turns).

Bartlander the Cudgeller (Gnoll Cinder Acolyte)     Turns: 3662, Time: 00:11:34

Health: 0/53       AC: 10    Str: 15    XL:     6   Next: 98%
Magic:  11/11      EV:  7    Int: 13    God:    Ignis [*****.]
Gold:   108        SH:  0    Dex: 10    Spells: 12/12 levels left

rFire   + . .      SeeInvis +   q - +5 great sword of Ostruos {venom, rC+ Dex+2 SInv}
rCold   + . .      Faith    .   (shield currently unavailable)
rNeg    . . .      Spirit   .   f - +0 chain mail
rPois   .          Reflect  .   (no helmet)
rElec   .          Harm     .   (no cloak)
rCorr   .          Rampage  .   (no gloves)
Will    .....                   o - +1 pair of boots
Stlth   ..........              (no amulet)
HPRegen 0.17/turn               i - ring of flight
MPRegen 0.12/turn               (no ring)

@: flying
A: fangs 1, strong nose, distributed training
a: Renounce Religion, Fiery Armour, Foxfire Swarm, Rising Flame


You were on level 4 of the Dungeon.
You worshipped Ignis.
Ignis was extremely pleased with you.
You visited 1 branch of the dungeon, and saw 4 of its levels.

You collected 108 gold pieces.

Inventory:

Hand Weapons
 a - a -1 vorpal mace
 q - the +5 great sword of Ostruos (weapon) {venom, rC+ Dex+2 SInv}
   (You found it on level 3 of the Dungeon)

   It poisons the flesh of those it strikes.
   Dex:       It affects your dexterity (+2).
   rC:        It protects you from cold.
   SInv:      It lets you see invisible.
Armour
 b - a +0 robe
 f - a +0 chain mail (worn)
 o - a +1 pair of boots (worn)
Jewellery
 i - a ring of flight (left hand)
Scrolls
 c - 2 scrolls of teleportation
 h - 2 scrolls of brand weapon
Potions
 e - a potion of flight
 j - a potion of mutation
 k - a potion of haste
 n - a potion of berserk rage
 p - a potion of magic {unknown}
 r - a potion of attraction {unknown}
 s - a potion of resistance {unknown}
 t - a potion of lignification {unknown}


   Skills:
 + Level 6.9 Fighting
 + Level 2.2 Short Blades
 + Level 2.2 Long Blades
 + Level 2.2 Axes
 + Level 6.9 Maces & Flails
 + Level 2.2 Polearms
 + Level 2.2 Staves
 + Level 2.2 Ranged Weapons
 + Level 2.2 Throwing
 + Level 2.2 Armour
 + Level 2.2 Dodging
 + Level 2.2 Stealth
 + Level 2.2 Shields
 + Level 2.2 Unarmed Combat
 + Level 3.6 Spellcasting
 + Level 1.8 Conjurations
 + Level 1.8 Hexes
 + Level 1.8 Summonings
 + Level 1.8 Necromancy
 + Level 1.8 Translocations
 + Level 1.8 Transmutations
 + Level 5.7 Fire Magic
 + Level 1.8 Ice Magic
 + Level 1.8 Air Magic
 + Level 1.8 Earth Magic
 + Level 1.8 Poison Magic
 + Level 2.5 Invocations
 + Level 2.2 Evocations


You had 12 spell levels left.
You didn't know any spells.
Your spell library contained the following spells:

 Spells                   Type           Power      Damage    Failure   Level
 Scorch                   Fire           34%        2d6       54%         2
 Ensorcelled Hibernation  Hex/Ice        14%        N/A       97%         2
 Passwall                 Tmut/Erth      5%         N/A       97%         2
 Dazzling Flash           Conj/Hex       14%        N/A       100%        3
 Spider Form              Tmut/Pois      7%         N/A       100%        3
 Swiftness                Air            7%         N/A       100%        3
 Anguish                  Hex/Necr       3%         N/A       100%        4
 Agony                    Necr           7%         N/A       100%        5
 Silence                  Hex/Air        3%         N/A       100%        5


Dungeon Overview and Level Annotations

Branches:
Dungeon (4/15)
 Temple: D:4-7

Altars:

Annotations:
D:2 1 runed translucent door, Crazy Yiuf
D:4 Menkaure, Sigmund


Innate Abilities, Weirdness & Mutations

You have very sharp teeth.
Your uncanny sense of smell can sniff out nearby items.
Your experience applies equally to all skills.


Message History

The gnoll is heavily wounded.
The foxfire hits the centaur.
The centaur is severely wounded.
The foxfire hits the gnoll.
The gnoll is almost dead.
The foxfire hits the goblin.
You kill the goblin!
The foxfire hits the gnoll.
The gnoll is heavily wounded.
The foxfire hits the hound zombie.
The hound zombie is moderately damaged.
The foxfire hits the orc priest but does no damage.
The foxfire hits the centaur.
You kill the centaur!
The foxfire hits the orc priest.
The orc priest is lightly wounded.
The gnoll closely misses you.
The gnoll bouda hits you but does no damage.
You closely miss the gnoll.
The gnoll is heavily wounded.
The centaur shouts!
You hear a shout!
The gnoll hits you with a +0 spear. The gnoll barely misses you.
The gnoll bouda completely misses you. The orc barely misses you.
The gnoll hits you but does no damage. The gnoll hits you with a +0 spear.
The gnoll hits you but does no damage. The orc barely misses you.
The gnoll bouda hits you with a +0 club.
You slice the gnoll!!
You kill the gnoll!
The centaur shoots an arrow.
The arrow barely misses you. The gnoll hits you but does no damage.
The gnoll barely misses you.
The centaur shoots an arrow.
The arrow hits you. The arrow burns you.
The gnoll hits you from afar with a +0 spear.
* * * LOW HITPOINT WARNING * * *
The orc hits you but does no damage.
The gnoll hits you from afar with a +0 spear.
* * * LOW HITPOINT WARNING * * *
The gnoll hits you from afar with a +0 trident.
* * * LOW HITPOINT WARNING * * *
The centaur shoots an arrow.
The arrow hits you!
You die...

... #...## #... ....
#....## #..... ....
#.....## #...... ..gg
#.).)..###....... #g.#
#).$.§..#...#....
#..###.).o.§..........
##.....()##.§...g.....
###...####....##Z.g....#
#....g####.#####@.).#..#
####.o...g§.).#g)o..#
#.....o.§.og5........
##.5....o............
#......g<..^##c####.
#.........#.....###.#
#.........##.§...§..g
#.####.#####.....# #!
..# #.........


You could see a centaur, a gnoll bouda, 4 gnolls, 3 orcs, an ufetubus and a
hound zombie.

Vanquished Creatures
  A centaur (D:4)
  A scorpion (D:3)
  A howler monkey (D:4)
  Natasha (D:3)
  Terence (D:3)
  An orc wizard (D:3)
  Robin (D:4)
  4 gnolls (D:4)
  4 adders
  2 adder zombies (D:4)
  An adder skeleton (D:4)
  A dart slug (D:1)
  3 orcs (D:3)
  10 ball pythons
  6 bats
  3 endoplasms
  10 giant cockroaches
  18 goblins
  6 hobgoblins
  3 kobolds
  4 quokkas
  2 frilled lizards (D:2)
  11 rats
95 creatures vanquished.

Vanquished Creatures (others)
  16 foxfires (D:4)
  A fungus (D:2)
  2 withered plants (D:4)
19 creatures vanquished.

Grand Total: 114 creatures vanquished

Notes
Turn   | Place    | Note
-------+----------+-------------------------------------------
     0 | D:1      | Bartlander the Gnoll Cinder Acolyte began the quest for the
                  | Orb.
     0 | D:1      | Reached XP level 1. HP: 23/23 MP: 4/4
   168 | D:1      | Reached XP level 2. HP: 27/29 MP: 5/5
   734 | D:1      | Reached XP level 3. HP: 34/35 MP: 7/7
   836 | D:2      | Identified the +3 leather armour of the New World {rCorr
                  | Str-4 Dex+2}
   902 | D:2      | Reached skill level 1 in Invocations
   997 | D:2      | Reached skill level 1 in Short Blades
   997 | D:2      | Reached skill level 1 in Long Blades
   997 | D:2      | Reached skill level 1 in Axes
   997 | D:2      | Reached skill level 1 in Polearms
   997 | D:2      | Reached skill level 1 in Staves
   997 | D:2      | Reached skill level 1 in Ranged Weapons
   997 | D:2      | Reached skill level 1 in Throwing
   997 | D:2      | Reached skill level 1 in Armour
   997 | D:2      | Reached skill level 1 in Dodging
   997 | D:2      | Reached skill level 1 in Stealth
   997 | D:2      | Reached skill level 1 in Shields
   997 | D:2      | Reached skill level 1 in Unarmed Combat
   997 | D:2      | Reached skill level 1 in Evocations
  1179 | D:2      | Reached XP level 4. HP: 35/41 MP: 8/8
  1223 | D:2      | Found a faded altar of an unknown god.
  1644 | D:2      | Found a runed translucent door.
  1645 | D:2      | Noticed Crazy Yiuf
  2324 | D:3      | Reached skill level 1 in Conjurations
  2324 | D:3      | Reached skill level 1 in Hexes
  2324 | D:3      | Reached skill level 1 in Summonings
  2324 | D:3      | Reached skill level 1 in Necromancy
  2324 | D:3      | Reached skill level 1 in Translocations
  2324 | D:3      | Reached skill level 1 in Transmutations
  2324 | D:3      | Reached skill level 1 in Ice Magic
  2324 | D:3      | Reached skill level 1 in Air Magic
  2324 | D:3      | Reached skill level 1 in Earth Magic
  2324 | D:3      | Reached skill level 1 in Poison Magic
  2409 | D:3      | Noticed Terence
  2438 | D:3      | Killed Terence
  2439 | D:3      | Reached XP level 5. HP: 28/47 MP: 9/9
  2609 | D:3      | Identified the +5 great sword of Ostruos {venom, rC+ Dex+2
                  | SInv}
  2706 | D:3      | Noticed Natasha
  2711 | D:3      | Killed Natasha
  3030 | D:4      | Noticed Menkaure
  3071 | D:4      | Noticed Robin
  3083 | D:4      | Reached XP level 6. HP: 36/53 MP: 9/11
  3090 | D:4      | Killed Robin
  3384 | D:4      | Noticed Sigmund
  3662 | D:4      | Shot with an arrow by a centaur

Illustrated notes

Levels and vault maps discovered:
D:1:      lemuel_arrival_broad_hall, layout_rooms
D:2:      layout_rooms, basic_ecumenical_altar, minmay_misc_feat_four_crosses,
          uniq_crazy_yiuf_cottage
D:3:      kennysheep_six_static_rooms, layout_loops_corners,
          kennysheep_generic_room_3, uniq_natasha, uniq_terence
D:4:      layout_rooms, nicolae_dithmenos_shadow_blocks,
          nemelex_diamond_rough_becter, serial_undead, serial_undead_a,
          serial_undead_f, serial_undead_f, serial_undead_e,
          minmay_manual_mares, uniq_sigmund, uniq_menkaure, uniq_robin

Skill      XL: |  1  2  3  4  5  6 |
---------------+-------------------+-----
Invocations    | 1 2 |  2.5
Short Blades   | 1 2 |  2.2
Long Blades    | 1 2 |  2.2
Axes           | 1 2 |  2.2
Polearms       | 1 2 |  2.2
Staves         | 1 2 |  2.2
Ranged Weapons | 1 2 |  2.2
Throwing       | 1 2 |  2.2
Armour         | 1 2 |  2.2
Dodging        | 1 2 |  2.2
Stealth        | 1 2 |  2.2
Shields        | 1 2 |  2.2
Unarmed Combat | 1 2 |  2.2
Evocations     | 1 2 |  2.2
Spellcasting   | 3 |  3.6
Conjurations   | 1 |  1.8
Hexes          | 1 |  1.8
Summonings     | 1 |  1.8
Necromancy     | 1 |  1.8
Translocations | 1 |  1.8
Transmutations | 1 |  1.8
Ice Magic      | 1 |  1.8
Air Magic      | 1 |  1.8
Earth Magic    | 1 |  1.8
Poison Magic   | 1 |  1.8
Fighting       | |  6.9
Maces & Flails | |  6.9
Fire Magic     | |  5.7

Action                   |  1- 3 |  4- 6 || total
-------------------------+-------+-------++-------
Melee: Mace              |   116 |    78 ||   194
       Bite              |    10 |     9 ||    19
       Great sword       |       |    41 ||    41
Invok: Fiery Armour      |       |     2 ||     2
       Foxfire Swarm     |       |     1 ||     1
  Use: Scroll            |     2 |     8 ||    10
       Potion            |       |     1 ||     1
Armor: Robe              |     5 |       ||     5
       Chain mail        |    39 |   136 ||   175
Dodge: Dodged            |    51 |    57 ||   108
